 Dungeon Crawl Stone Soup version 0.19.0-24-gb05acd6 (webtiles) character file.

175 Kikal the Grave Robber (level 5, -6/38 HPs)
             Began as a Demigod Necromancer on Nov 21, 2016.
             Killed from afar by an orc wizard (7 damage)
             ... with a puff of flame
             ... on level 3 of the Dungeon.
             The game lasted 00:16:10 (3361 turns).

Kikal the Grave Robber (Demigod Necromancer)        Turns: 3361, Time: 00:16:13

Health: -6/38      AC:  3    Str: 13    XL:     5   Next: 8%
Magic:  1/10       EV: 12    Int: 19    God:
Gold:   93         SH:  0    Dex: 16    Spells: 3 memorised, 2 levels left

rFire  . . .     SeeInvis .     t - +0 long sword
rCold  . . .     Gourm    .     j - +0 leather armour
rNeg   . . .     Faith    .     (no shield)
rPois  .         Spirit   .     (no helmet)
rElec  .         Reflect  .     (no cloak)
rCorr  .         Harm     .     (no gloves)
MR     .....                    (no boots)
Stlth  ++........               (no amulet)
                                (no ring)
                                (no ring)

@: very slightly contaminated
A: high mp 1
a: no special abilities


You were on level 3 of the Dungeon.
You were very hungry.

You visited 1 branch of the dungeon, and saw 4 of its levels.

You collected 93 gold pieces.

Inventory:

Hand Weapons
 t - a +0 long sword (weapon)
Missiles
 m - 123 stones (quivered)
 v - 14 poisoned needles
Armour
 j - a +0 leather armour (worn)
 y - a +0 scale mail
Jewellery
 C - an uncursed amulet of harm {unknown}
 E - an uncursed amulet of harm {unknown}
Scrolls
 a - a scroll of fear {unknown}
 e - 5 scrolls of teleportation {unknown}
 f - 3 scrolls of blinking {unknown}
 l - a scroll of enchant armour {unknown}
 o - 2 scrolls of enchant weapon {unknown}
 p - 5 scrolls of identify {unknown}
 q - 2 scrolls of noise {unknown}
 r - 2 scrolls of remove curse {unknown}
Potions
 d - a potion of heal wounds {unknown}
 g - a potion of degeneration {unknown}
 h - a potion of invisibility {unknown}
 n - 3 potions of curing {unknown}
 s - 2 potions of flight {unknown}
 u - a potion of brilliance {unknown}
 w - a potion of ambrosia {unknown}
 x - a potion of magic {unknown}
 z - a potion of berserk rage {unknown}
 B - 2 potions of cure mutation {unknown}
 D - a potion of might {unknown}
Books
 b - a book of Necromancy

   Spells                             Type                      Level
   a - Pain                           Necromancy                   1
   b - Animate Skeleton               Necromancy                   1
   c - Vampiric Draining              Necromancy                   3
   d - Regeneration                   Charms/Necromancy            3
   e - Animate Dead                   Necromancy                   4
   f - Control Undead                 Necromancy                   4
Comestibles
 c - 2 bread rations
 i - 3 fruits
 k - 2 meat rations


   Skills:
 * Level 2.7 Long Blades
   Level 0.1 Maces & Flails
 - Level 1.7 Dodging
 - Level 1.7 Stealth
 - Level 1.7 Spellcasting
 + Level 5.1 Necromancy


You had 2 spell levels left.
You knew the following spells:

 Your Spells              Type           Power        Failure   Level  Hunger
a - Pain                  Necr           ###.         2%          1    #......
b - Vampiric Draining     Necr           ###.......   10%         3    ###....
c - Animate Skeleton      Necr           N/A          2%          1    #......


Dungeon Overview and Level Annotations

Branches:
Dungeon (4/15)
 Temple: D:4-7


Innate Abilities, Weirdness & Mutations

You have an increased reservoir of magic. (+10% MP)


Message History

The orc wizard flickers and vanishes!
Deactivating autopickup; reactivate with Ctrl-A.
Something hits you but does no damage.
You climb upwards.
There is a stone staircase leading down here.
You start eating one of the 4 fruits.
Something hits you.
You are feeling very hungry.
Mmmm...
Yummy lychee.
You take 4 damage, and have 14/38 hp.
You start resting.
Something hits you but does no damage.
You start resting.
Something hits you.
* * * LOW HITPOINT WARNING * * *
You take 6 damage, and have 8/38 hp.
You hear some strange, mumbled words.
A magic dart appears from out of thin air!
The magic dart hits you!
* * * LOW HITPOINT WARNING * * *
You hear some strange, mumbled words.
A puff of flame appears from out of thin air!
The puff of flame hits you!
You die...

.###.##...#.##.# #.##.(#
###.........##.# #.##..#
....#...)....).## #.##..#
###.........#...####.##..#
##.##..................#
#.###.##.#...####.##.##
#.# ####.##.#####.##.#
####.######.....>....##.#
#.........####..@..<....#
#.##.####.####.##########
#.##.#.........#
#.##.#.##.####.#
#.##.#.##.# #.#
#.##.#.##.# #.#
#.##.#.##.# #.#
#.##.#.##.####.###
#.........##.....#


There were no monsters in sight!

Vanquished Creatures
  A scorpion (D:3)
  6 adders
  A dart slug (D:1)
  2 leopard geckos (D:2)
  An orc (D:4)
  6 bats
  6 giant cockroaches
  7 goblins
  7 hobgoblins
  7 jackals
  9 frilled lizards
  9 kobolds
  5 rats
67 creatures vanquished.

Notes
Turn   | Place    | Note
-------+----------+-------------------------------------------
     0 | D:1      | Kikal the Demigod Necromancer began the quest for the Orb.
     0 | D:1      | Reached XP level 1. HP: 14/14 MP: 5/5
   235 | D:1      | Reached skill level 4 in Necromancy
   565 | D:1      | Reached XP level 2. HP: 20/20 MP: 5/7
  1411 | D:2      | Reached XP level 3. HP: 21/26 MP: 5/8
  1501 | D:2      | Learned a level 3 spell: Vampiric Draining
  1718 | D:2      | Reached skill level 1 in Long Blades
  2345 | D:3      | Reached XP level 4. HP: 28/33 MP: 4/9
  2752 | D:3      | Found a sparkling altar of Nemelex Xobeh.
  3046 | D:3      | Reached skill level 5 in Necromancy
  3134 | D:3      | Learned a level 1 spell: Animate Skeleton
  3180 | D:3      | Reached XP level 5. HP: 38/38 MP: 10/10
  3361 | D:3      | HP: 1/38 [something/magic dart (7)]
  3361 | D:3      | Killed from afar by an orc wizard

Skill      XL: |  1  2  3  4 |
---------------+-------------+-----
Necromancy     | 4 5 |  5.1
Long Blades    | 1 2 |  2.7
Maces & Flails | |  0.1
Dodging        | |  1.7
Stealth        | |  1.7
Spellcasting   | |  1.7

Action                   |  1- 3 |  4- 6 || total
-------------------------+-------+-------++-------
Melee: Club              |     9 |       ||     9
       Long sword        |    47 |    20 ||    67
       Mace              |     4 |       ||     4
 Cast: Pain              |    57 |    18 ||    75
       Vampiric Draining |     4 |     6 ||    10
 Stab: Sleeping          |     1 |       ||     1
       Distracted        |       |     1 ||     1
  Eat: Chunk             |     6 |     2 ||     8
       Fruit             |       |     1 ||     1
Armor: Leather armour    |    28 |     9 ||    37
Dodge: Dodged            |    78 |    23 ||   101
       Rpst.: Long sword |    16 |    10 ||    26
